TOP OF THE 1ST |
Fresno State University Bulldogs batting - Pitching for University of North Carolina at Chapel Hill Tar Heels : RHP Nate Vandergriff
|
Pitching: RHP Nate Vandergriff
|
|
Batting: RHB Janne Vihko
|
0-0: Called Strike 0-1: Swinging Strike 0-2: Ball 1-2: Strikes out swinging
|
Batting: RHB Phil Hamby
|
0-0: Ball 1-0: Ball 2-0: Ball 3-0: Called Strike 3-1: Foul Ball, location: 2F 3-2: Foul Ball, location: 2F 3-2: Foul Ball, location: 2F 3-2: Foul Ball, location: 2F 3-2: Foul Ball, location: 2F 3-2: Foul Ball, location: 2F 3-2: SINGLE (Groundball, 4D, EV 97.5 MPH)
|
Batting: LHB Justin Daley
|
0-0: Foul Ball, location: 2F 0-1: Fly out, F9 (Flyball, 89S, EV 88.8 MPH)
|
Batting: RHB Tommy Tracy
|
0-0: Ball 1-0: Ball 2-0: Foul Ball, location: 2F 2-1: Swinging Strike 2-2: 2-RUN HOME RUN (Flyball, 8RXD, EV 110.6 MPH), Distance : 434 ft
|
Batting: RHB Miguel Velasco
|
0-0: Ball 1-0: Ball 2-0: Ball 3-0: Called Strike 3-1: SINGLE (Groundball, 6MD, EV 105.6 MPH)
|
Batting: RHB Todd Vanasco
|
0-0: Ball Pickoff Throw by Catcher to First - Out!
|
Top of the 1st over - 2 runs, 3 hits, 0 errors, 0 left on base; Fresno State University 2 - University of North Carolina at Chapel Hill 0 |
BOTTOM OF THE 1ST |
University of North Carolina at Chapel Hill Tar Heels batting - Pitching for Fresno State University Bulldogs : LHP Cory Youngquist
|
Pitching: LHP Cory Youngquist
|
|
Batting: RHB Norm Wood
|
0-0: Ball 1-0: Called Strike 1-1: Ground out U3 (Groundball, 34, EV 90.0 MPH)
|
Batting: LHB Jason Raker
|
0-0: Ball 1-0: Called Strike 1-1: Foul Ball, location: 2F 1-2: Ground out 4-3 (Groundball, 4S, EV 87.5 MPH)
|
Batting: RHB David McDonald
|
0-0: Called Strike 0-1: DOUBLE (Line Drive, 8LXD, EV 110.0 MPH)
|
Batting: RHB Aaron Stout
|
0-0: Ball 1-0: SINGLE (Line Drive, 4D, EV 100.0 MPH) David McDonald to third Runner from 3rd tries for Home, SAFE, throw by RF to home
|
Batting: LHB Edgar Ortiz
|
0-0: Ball 1-0: Fielders Choice at 2nd, 5-4 (Groundball, 5, EV 86.9 MPH)
|
Bottom of the 1st over - 1 run, 2 hits, 0 errors, 1 left on base; Fresno State University 2 - University of North Carolina at Chapel Hill 1 |
TOP OF THE 2ND |
Fresno State University Bulldogs batting - Pitching for University of North Carolina at Chapel Hill Tar Heels : RHP Nate Vandergriff
|
Batting: RHB Todd Vanasco
|
0-0: Foul Ball, location: 2F 0-1: Ball 1-1: Swinging Strike 1-2: Strikes out swinging
|
Batting: LHB Vinny Rivera
|
0-0: Ball 1-0: Ball 2-0: Foul Ball, location: 2F 2-1: Foul Ball, location: 2F 2-2: Foul Ball, location: 2F 2-2: Ball 3-2: Strikes out swinging
|
Batting: RHB Ryan Miller
|
0-0: Ball 1-0: Called Strike 1-1: Foul Ball, location: 2F 1-2: Ball 2-2: Fly out, F9 (Line Drive, 9, EV 101.9 MPH)
|
Top of the 2nd over - 0 runs, 0 hits, 0 errors, 0 left on base; Fresno State University 2 - University of North Carolina at Chapel Hill 1 |
BOTTOM OF THE 2ND |
University of North Carolina at Chapel Hill Tar Heels batting - Pitching for Fresno State University Bulldogs : LHP Cory Youngquist
|
Pitching: RHP Wally Dethridge
|
|
Batting: RHB Travis Robinson
|
0-0: Ball 1-0: Ground out 6-3 (Groundball, 6S, EV 77.5 MPH)
|
Batting: RHB Chris Skaff
|
0-0: Ball 1-0: Ball 2-0: Ground out 4-3 (Groundball, 34, EV 102.5 MPH)
|
Batting: RHB Sam Daw
|
0-0: Ball 1-0: Called Strike 1-1: Ball 2-1: Foul Ball, location: 2F 2-2: Foul Ball, location: 2F 2-2: Ball 3-2: Foul Ball, location: 2F 3-2: Strikes out swinging
|
Bottom of the 2nd over - 0 runs, 0 hits, 0 errors, 0 left on base; Fresno State University 2 - University of North Carolina at Chapel Hill 1 |
TOP OF THE 3RD |
Fresno State University Bulldogs batting - Pitching for University of North Carolina at Chapel Hill Tar Heels : RHP Nate Vandergriff
|
Batting: SHB Andres Agudo
|
0-0: Called Strike 0-1: Swinging Strike 0-2: Ball 1-2: Ball 2-2: Ball 3-2: Base on Balls
|
Batting: RHB Janne Vihko
|
0-0: Called Strike 0-1: Foul Ball, location: 2F 0-2: Ball 1-2: SINGLE (Groundball, 5S, EV 70.6 MPH) (infield hit) Andres Agudo to second
|
Batting: RHB Phil Hamby
|
0-0: Swinging Strike 0-1: Ball 1-1: Fly out, F9 (Flyball, 9LM, EV 81.9 MPH) Runner from 2nd tags up, SAFE at 3rd with throw by RF
|
Batting: LHB Justin Daley
|
0-0: Foul Ball, location: 2F 0-1: Ball 1-1: Swinging Strike 1-2: Ball 2-2: 3-RUN HOME RUN (Line Drive, 7LD, EV 99.4 MPH), Distance : 353 ft
|
Pitching: RHP Alvaro Patino
|
|
Batting: RHB Tommy Tracy
|
0-0: Called Strike 0-1: Ball 1-1: Ground out 6-3 (Groundball, 6M, EV 89.4 MPH)
|
Batting: RHB Miguel Velasco
|
0-0: Fly out, F7 (Line Drive, 7, EV 96.9 MPH)
|
Top of the 3rd over - 3 runs, 2 hits, 0 errors, 0 left on base; Fresno State University 5 - University of North Carolina at Chapel Hill 1 |
BOTTOM OF THE 3RD |
University of North Carolina at Chapel Hill Tar Heels batting - Pitching for Fresno State University Bulldogs : RHP Wally Dethridge
|
Batting: RHB Jonathan Livingston
|
0-0: Called Strike 0-1: Ground out 5-3 (Groundball, 56, EV 83.1 MPH)
|
Batting: RHB Norm Wood
|
0-0: Called Strike 0-1: Ball 1-1: Foul Ball, location: 2F 1-2: Ball 2-2: SINGLE (Groundball, 6M, EV 108.1 MPH) (infield hit)
|
Batting: LHB Jason Raker
|
0-0: SINGLE (Groundball, 4D, EV 107.5 MPH) Norm Wood to second Runner from 2nd tries for 3rd, SAFE, no throw by CF
|
Batting: RHB David McDonald
|
0-0: Called Strike 0-1: Ball 1-1: Foul Ball, location: 2F 1-2: Ball 2-2: Fly out, F9 (Flyball, 9S, EV 87.5 MPH)
|
Batting: RHB Aaron Stout
|
0-0: Ball 1-0: Fly out, F8 (Flyball, 8LD, EV 82.5 MPH)
|
Bottom of the 3rd over - 0 runs, 2 hits, 0 errors, 2 left on base; Fresno State University 5 - University of North Carolina at Chapel Hill 1 |
TOP OF THE 4TH |
Fresno State University Bulldogs batting - Pitching for University of North Carolina at Chapel Hill Tar Heels : RHP Alvaro Patino
|
Batting: RHB Todd Vanasco
|
0-0: SOLO HOME RUN (Flyball, 78XD, EV 100.0 MPH), Distance : 422 ft
|
Batting: LHB Vinny Rivera
|
0-0: Called Strike 0-1: SINGLE (Groundball, 4MD, EV 96.9 MPH)
|
Batting: RHB Ryan Miller
|
0-0: 2-RUN HOME RUN (Flyball, 7D, EV 98.8 MPH), Distance : 391 ft
|
Batting: SHB Andres Agudo
|
0-0: SINGLE (Line Drive, 56D, EV 94.4 MPH)
|
Batting: RHB Janne Vihko
|
0-0: Grounds into double play, 6-4-3 (Groundball, 56, EV 83.1 MPH)
|
Batting: RHB Phil Hamby
|
0-0: Ball 1-0: Called Strike 1-1: Foul Ball, location: 2F 1-2: DOUBLE (Line Drive, 3D, EV 102.5 MPH)
|
Batting: LHB Justin Daley
|
0-0: Called Strike 0-1: Foul Ball, location: 2F 0-2: Strikes out swinging
|
Top of the 4th over - 3 runs, 5 hits, 0 errors, 1 left on base; Fresno State University 8 - University of North Carolina at Chapel Hill 1 |
BOTTOM OF THE 4TH |
University of North Carolina at Chapel Hill Tar Heels batting - Pitching for Fresno State University Bulldogs : RHP Wally Dethridge
|
Batting: LHB Edgar Ortiz
|
0-0: Ball 1-0: Ball 2-0: Ball 3-0: Called Strike 3-1: Ground out 6-3 (Groundball, 6, EV 88.1 MPH)
|
Batting: RHB Travis Robinson
|
0-0: Ball 1-0: Ball 2-0: Ball 3-0: Called Strike 3-1: Base on Balls
|
Pitching: LHP Jesse Turner
|
|
Batting: RHB Chris Skaff
|
0-0: Ball 1-0: Called Strike 1-1: Ball 2-1: Ball 3-1: Grounds into double play, 3-6-3 (Groundball, 34, EV 85.0 MPH)
|
Bottom of the 4th over - 0 runs, 0 hits, 0 errors, 0 left on base; Fresno State University 8 - University of North Carolina at Chapel Hill 1 |
TOP OF THE 5TH |
Fresno State University Bulldogs batting - Pitching for University of North Carolina at Chapel Hill Tar Heels : RHP Alvaro Patino
|
Batting: RHB Tommy Tracy
|
0-0: Ball 1-0: Ground out 5-3 (Groundball, 5, EV 88.1 MPH)
|
Batting: RHB Miguel Velasco
|
0-0: Foul Ball, location: 2F 0-1: Ball 1-1: Called Strike 1-2: Ball 2-2: Ball 3-2: Base on Balls
|
Batting: RHB Todd Vanasco
|
0-0: Ball 1-0: Swinging Strike 1-1: Ball 2-1: Swinging Strike 2-2: Ball 3-2: Strikes out looking
|
Batting: LHB Vinny Rivera
|
0-0: SINGLE (Flyball, 89S, EV 97.5 MPH) Miguel Velasco to second
|
Batting: RHB Ryan Miller
|
0-0: Ball 1-0: Called Strike 1-1: Swinging Strike 1-2: Ball 2-2: Foul Ball, location: 2F 2-2: Foul Ball, location: 2F 2-2: Foul Ball, location: 2F 2-2: Foul Ball, location: 2F 2-2: Strikes out looking
|
Top of the 5th over - 0 runs, 1 hit, 0 errors, 2 left on base; Fresno State University 8 - University of North Carolina at Chapel Hill 1 |
BOTTOM OF THE 5TH |
University of North Carolina at Chapel Hill Tar Heels batting - Pitching for Fresno State University Bulldogs : LHP Jesse Turner
|
Batting: RHB Sam Daw
|
0-0: Called Strike 0-1: Foul Ball, location: 2F 0-2: Strikes out swinging
|
Batting: RHB Jonathan Livingston
|
0-0: Ball 1-0: Called Strike 1-1: Swinging Strike 1-2: Strikes out swinging
|
Batting: RHB Norm Wood
|
0-0: Ball 1-0: Fly out, F4 (Line Drive, 4, EV 71.3 MPH)
|
Bottom of the 5th over - 0 runs, 0 hits, 0 errors, 0 left on base; Fresno State University 8 - University of North Carolina at Chapel Hill 1 |
TOP OF THE 6TH |
Fresno State University Bulldogs batting - Pitching for University of North Carolina at Chapel Hill Tar Heels : RHP Alvaro Patino
|
Pitching: LHP Jason Haas
|
|
Batting: SHB Andres Agudo
|
0-0: Called Strike 0-1: Ball 1-1: Ball 2-1: SINGLE (Groundball, 6D, EV 98.1 MPH)
|
Batting: RHB Janne Vihko
|
0-0: Swinging Strike 0-1: Foul Ball, location: 2F 0-2: Fly out, F8 (Flyball, 8LM, EV 86.3 MPH)
|
Batting: RHB Phil Hamby
|
0-0: Ball 1-0: Foul Ball, location: 2F 1-1: Foul Ball, location: 2F 1-2: Ball 2-2: Foul Ball, location: 2F 2-2: Fly out, F8 (Flyball, 8LXD, EV 84.4 MPH)
|
Batting: LHB Justin Daley
|
0-0: Called Strike 0-1: SINGLE (Line Drive, 7, EV 98.8 MPH) Andres Agudo to second
|
Batting: RHB Tommy Tracy
|
0-0: Fielders Choice at 2nd, 6-4 (Groundball, 56, EV 91.3 MPH)
|
Top of the 6th over - 0 runs, 2 hits, 0 errors, 2 left on base; Fresno State University 8 - University of North Carolina at Chapel Hill 1 |
BOTTOM OF THE 6TH |
University of North Carolina at Chapel Hill Tar Heels batting - Pitching for Fresno State University Bulldogs : LHP Jesse Turner
|
Batting: LHB Jason Raker
|
0-0: Called Strike 0-1: Foul Ball, location: 2F 0-2: Ball 1-2: Ball 2-2: DOUBLE (Groundball, 3L, EV 103.8 MPH)
|
Batting: RHB David McDonald
|
0-0: Ball 1-0: Foul Ball, location: 2F 1-1: Called Strike 1-2: Foul Ball, location: 2F 1-2: Ball 2-2: Foul Ball, location: 2F 2-2: Ball 3-2: Foul Ball, location: 2F 3-2: SINGLE (Groundball, 6MD, EV 98.8 MPH) Jason Raker to third Runner from 3rd tries for Home, SAFE, throw by CF to home
|
Pitching: RHP Manny Lebron
|
|
Batting: RHB Aaron Stout
|
0-0: Called Strike 0-1: Foul Ball, location: 2F 0-2: Ball 1-2: SINGLE (Flyball, 6D, EV 82.5 MPH) David McDonald to second
|
Batting: LHB Edgar Ortiz
|
0-0: Ball Wild Pitch! David McDonald to third Aaron Stout to second 1-0: Foul Ball, location: 2F 1-1: Foul Ball, location: 2F 1-2: Ball 2-2: DOUBLE (Line Drive, 78D, EV 103.1 MPH) David McDonald scores Aaron Stout scores
|
Batting: RHB Travis Robinson
|
0-0: Ball 1-0: Ball 2-0: Ball 3-0: Base on Balls
|
Batting: RHB Chris Skaff
|
0-0: Foul Ball, location: 2F 0-1: Ball 1-1: Ball 2-1: Ball 3-1: Grounds into double play, 5-4-3 (Groundball, 56S, EV 88.8 MPH) Edgar Ortiz to third
|
Batting: RHB Sam Daw
|
0-0: Ball 1-0: Fly out, F5 (Line Drive, 5, EV 72.5 MPH)
|
Bottom of the 6th over - 3 runs, 4 hits, 0 errors, 1 left on base; Fresno State University 8 - University of North Carolina at Chapel Hill 4 |
TOP OF THE 7TH |
Fresno State University Bulldogs batting - Pitching for University of North Carolina at Chapel Hill Tar Heels : LHP Jason Haas
|
Batting: RHB Miguel Velasco
|
0-0: Ball 1-0: Ball 2-0: Ground out 4-3 (Groundball, 4MD, EV 103.1 MPH)
|
Batting: RHB Todd Vanasco
|
0-0: Ball 1-0: Called Strike 1-1: Swinging Strike 1-2: Strikes out swinging
|
Batting: LHB Vinny Rivera
|
0-0: Ball 1-0: Called Strike 1-1: Ball 2-1: SINGLE (Groundball, 56D, EV 96.3 MPH)
|
Batting: RHB Ryan Miller
|
0-0: Called Strike 0-1: Ball 1-1: SINGLE (Line Drive, 9S, EV 111.9 MPH) Vinny Rivera to second
|
Batting: SHB Andres Agudo
|
0-0: Swinging Strike 0-1: Foul Ball, location: 2F 0-2: Strikes out swinging
|
Top of the 7th over - 0 runs, 2 hits, 0 errors, 2 left on base; Fresno State University 8 - University of North Carolina at Chapel Hill 4 |
BOTTOM OF THE 7TH |
University of North Carolina at Chapel Hill Tar Heels batting - Pitching for Fresno State University Bulldogs : RHP Manny Lebron
|
Pitching: RHP Nick Ehrlich
|
|
Batting: RHB Jonathan Livingston
|
0-0: Ball 1-0: Called Strike 1-1: Ball 2-1: Ball 3-1: Foul Ball, location: 2F 3-2: Foul Ball, location: 2F 3-2: Foul Ball, location: 2F 3-2: Foul Ball, location: 2F 3-2: Ground out 5-3 (Groundball, 5S, EV 68.1 MPH)
|
Batting: RHB Norm Wood
|
0-0: Ball 1-0: Called Strike 1-1: Ball 2-1: Ball 3-1: Base on Balls
|
Batting: LHB Jason Raker
|
0-0: DOUBLE (Line Drive, 7LS, EV 114.4 MPH) Norm Wood to third
|
Batting: RHB David McDonald
|
0-0: Ball 1-0: Foul Ball, location: 2F 1-1: Ball 2-1: Ground out 5-3 (Groundball, 56S, EV 83.8 MPH) Norm Wood scores
|
Batting: RHB Aaron Stout
|
0-0: Called Strike 0-1: Called Strike 0-2: Strikes out swinging
|
Bottom of the 7th over - 1 run, 1 hit, 0 errors, 1 left on base; Fresno State University 8 - University of North Carolina at Chapel Hill 5 |
TOP OF THE 8TH |
Fresno State University Bulldogs batting - Pitching for University of North Carolina at Chapel Hill Tar Heels : LHP Jason Haas
|
Batting: RHB Janne Vihko
|
0-0: Ball 1-0: Foul Ball, location: 2F 1-1: Foul Ball, location: 2F 1-2: Fly out, F8 (Flyball, 8LD, EV 102.5 MPH)
|
Batting: RHB Phil Hamby
|
0-0: Ball 1-0: Foul Ball, location: 2F 1-1: Ball 2-1: Called Strike 2-2: Fly out, F6 (Flyball, 6D, EV 86.3 MPH)
|
Batting: LHB Justin Daley
|
0-0: Fly out, F9 (Flyball, 9S, EV 91.9 MPH)
|
Top of the 8th over - 0 runs, 0 hits, 0 errors, 0 left on base; Fresno State University 8 - University of North Carolina at Chapel Hill 5 |
BOTTOM OF THE 8TH |
University of North Carolina at Chapel Hill Tar Heels batting - Pitching for Fresno State University Bulldogs : RHP Nick Ehrlich
|
Batting: LHB Edgar Ortiz
|
0-0: Swinging Strike 0-1: Ball 1-1: Fly out, F8 (Flyball, 8RD, EV 102.5 MPH)
|
Batting: RHB Travis Robinson
|
0-0: Ball 1-0: Ground out 2-3 (Groundball, 15S, EV 69.4 MPH)
|
Batting: RHB Chris Skaff
|
0-0: Foul Ball, location: 2F 0-1: Ball 1-1: Ground out 3-1 (Groundball, 34, EV 88.1 MPH)
|
Bottom of the 8th over - 0 runs, 0 hits, 0 errors, 0 left on base; Fresno State University 8 - University of North Carolina at Chapel Hill 5 |
TOP OF THE 9TH |
Fresno State University Bulldogs batting - Pitching for University of North Carolina at Chapel Hill Tar Heels : LHP Jason Haas
|
Pitching: RHP Colin Dorsey
|
|
Batting: RHB Tommy Tracy
|
0-0: Ball 1-0: Called Strike 1-1: DOUBLE (Line Drive, 78D, EV 106.3 MPH)
|
Batting: RHB Miguel Velasco
|
0-0: Foul Ball, location: 2F 0-1: Called Strike 0-2: Ball 1-2: Strikes out looking
|
Batting: RHB Todd Vanasco
|
0-0: Intentional Walk
|
Batting: LHB Vinny Rivera
|
0-0: Swinging Strike 0-1: Swinging Strike 0-2: Foul Ball, location: 2F 0-2: Strikes out swinging
|
Batting: RHB Ryan Miller
|
0-0: Ball 1-0: Ground out 4-3 (Groundball, 4MS, EV 85.6 MPH)
|
Top of the 9th over - 0 runs, 1 hit, 0 errors, 2 left on base; Fresno State University 8 - University of North Carolina at Chapel Hill 5 |
BOTTOM OF THE 9TH |
University of North Carolina at Chapel Hill Tar Heels batting - Pitching for Fresno State University Bulldogs : RHP Nick Ehrlich
|
Pitching: RHP Ryan Powers
|
|
Batting: RHB Sam Daw
|
0-0: Ground out 5-3 (Groundball, 5, EV 87.5 MPH)
|
Batting: RHB Jonathan Livingston
|
0-0: Fly out, F5 (Line Drive, 5, EV 74.4 MPH)
|
Pinch Hitting: RHB Kazushige Hasegawa
|
0-0: Called Strike 0-1: Foul Ball, location: 2F 0-2: Ball 1-2: Ball 2-2: Foul Ball, location: 2F 2-2: Ball 3-2: Reached on error, E3 (Flyball, 3D, EV 90.0 MPH)
|
Batting: LHB Jason Raker
|
0-0: Ground out U3 (Groundball, 3, EV 81.3 MPH)
|
Bottom of the 9th over - 0 runs, 0 hits, 1 error, 1 left on base; Fresno State University 8 - University of North Carolina at Chapel Hill 5 |
|